 Dungeon Crawl Stone Soup version 0.16.2-12-gd0ad4c3 (webtiles) character file.

11470 dvd the Thaumaturge (level 11, -7/57 HPs)
             Began as a Deep Elf Fire Elementalist on Nov 1, 2015.
             Was a High Priest of Vehumet.
             Mangled by a five-headed hydra (10 damage)
             ... on level 1 of the Lair of Beasts on Nov 2, 2015.
             The game lasted 01:29:26 (12695 turns).

dvd the Thaumaturge (Deep Elf Fire Elementalist)   Turns: 12695, Time: 01:29:26

Health: -7/57      AC:  9    Str:  5    XL:     11   Next: 49%
Magic:  40/44      EV: 16    Int: 29    God:    Vehumet [*****.]
Gold:   877        SH:  0    Dex: 15    Spells: 13 memorised, 4 levels left

rFire  . . .     SeeInvis +     E - +7 quarterstaff (chaos)
rCold  x . .     Clarity  .     n - +2 robe of Trubryav {rPois rC- MR+ Int+5 SInv}
rNeg   + . .     SustAb   .     (no shield)
rPois  +         Gourm    .     (no helmet)
rElec  .         Spirit   .     F - +0 cloak
rCorr  .         Warding  .     v - +0 pair of gloves
rMut   .         Stasis   .     p - +2 pair of boots
MR     ++...                    t - amulet of rage
Stlth  +++.......               h - ring of magical power
                                e - ring of positive energy

@: regenerating (expiring), very resistant to hostile enchantments, fairly
stealthy
A: no striking features
a: Renounce Religion, Evoke Berserk Rage


You were on level 1 of the Lair of Beasts.
You worshipped Vehumet.
Vehumet was extremely pleased with you.
You were not hungry.

You visited 3 branches of the dungeon, and saw 13 of its levels.

You collected 877 gold pieces.

Inventory:

Hand weapons
 k - a +0 dagger of venom
 E - a +7 quarterstaff of chaos (weapon)
Armour
 n - the +2 robe of Trubryav (worn) {rPois rC- MR+ Int+5 SInv}
   (You found it on level 5 of the Dungeon)

   It affects your intelligence (+5).
   It makes you vulnerable to cold.
   It protects you from poison.
   It affects your resistance to hostile enchantments.
   It enhances your eyesight.
 p - a +2 pair of boots (worn)
 v - a +0 pair of gloves (worn)
 F - a +0 cloak (worn)
Magical staves
 u - an uncursed staff of air
Jewellery
 a - an uncursed ring of see invisible
 e - a ring of positive energy (left hand)
 h - a ring of magical power (right hand)
 t - an amulet of rage (around neck)
Magical devices
 r - a wand of magic darts (36)
 H - a wand of teleportation (2)
Scrolls
 d - 5 scrolls of remove curse
 f - 3 scrolls of magic mapping
 g - 14 scrolls of identify
 l - a scroll of fog
 m - 2 scrolls of blinking
 w - a scroll of teleportation
 z - 2 scrolls of recharging
Potions
 j - 3 potions of might
 o - a potion of restore abilities
 q - a potion of haste
 s - 2 potions of invisibility
 C - 2 potions of agility
Books
 b - a book of Flames

   Spells                             Type                      Level
   a - Flame Tongue                   Conjuration/Fire             1
   b - Throw Flame                    Conjuration/Fire             2
   c - Conjure Flame                  Conjuration/Fire             3
   d - Inner Flame                    Hexes/Fire                   3
   e - Sticky Flame                   Conjuration/Fire             4
   f - Fireball                       Conjuration/Fire             5
 x - a book of Power

   Spells                             Type                      Level
   a - Fulminant Prism                Conjuration/Hexes            4
   b - Iskenderun's Mystic Blast      Conjuration                  4
   c - Venom Bolt                     Conjuration/Poison           5
   d - Bolt of Magma                  Conjuration/Fire/Earth       5
   e - Iron Shot                      Conjuration/Earth            6
   f - Orb of Destruction             Conjuration                  7
   g - Spellforged Servitor           Conjuration/Summoning        7
 y - a book of Necromancy

   Spells                             Type                      Level
   a - Pain                           Necromancy                   1
   b - Animate Skeleton               Necromancy                   1
   c - Vampiric Draining              Necromancy                   3
   d - Regeneration                   Charms/Necromancy            3
   e - Animate Dead                   Necromancy                   4
   f - Control Undead                 Necromancy                   4
 D - a book of Cantrips

   Spells                             Type                      Level
   a - Corona                         Hexes                        1
   b - Animate Skeleton               Necromancy                   1
   c - Summon Small Mammal            Summoning                    1
   d - Apportation                    Translocation                1
 G - a book of the Sky

   Spells                             Type                      Level
   a - Flight                         Charms/Air                   3
   b - Airstrike                      Air                          4
   c - Silence                        Hexes/Air                    5
   d - Deflect Missiles               Charms/Air                   6
   e - Conjure Ball Lightning         Conjuration/Air              6
   f - Tornado                        Air                          9
 I - a book of Unlife

   Spells                             Type                      Level
   a - Recall                         Summoning/Translocation      3
   b - Animate Dead                   Necromancy                   4
   c - Control Undead                 Necromancy                   4
   d - Cigotuvi's Embrace             Necromancy                   5
   e - Death Channel                  Necromancy                   6
   f - Simulacrum                     Ice/Necromancy               6
 J - a book of the Tempests

   Spells                             Type                      Level
   a - Static Discharge               Conjuration/Air              3
   b - Lightning Bolt                 Conjuration/Air              5
   c - Fireball                       Conjuration/Fire             5
   d - Tornado                        Air                          9
   e - Shatter                        Earth                        9
Comestibles
 c - 10 bread rations
 i - 3 fruits
 B - 4 meat rations


   Skills:
 + Level 2.1 Fighting
 + Level 2.6 Staves
 + Level 1.0 Armour
 + Level 6.6 Dodging
 + Level 4.9 Stealth
 + Level 13.7 Spellcasting
 + Level 7.7 Conjurations
 + Level 4.8 Charms
 + Level 4.6 Summonings
 + Level 6.1 Necromancy
 + Level 0.9 Translocations
 + Level 8.7 Fire Magic
 + Level 1.2 Air Magic


You had 4 spell levels left.
You knew the following spells:

 Your Spells              Type           Power        Failure   Level  Hunger
a - Flame Tongue          Conj/Fire      #####        1%          1    None
b - Throw Flame           Conj/Fire      ######       1%          2    None
c - Sticky Flame          Conj/Fire      ######..     1%          4    None
d - Summon Small Mammal   Summ           ####         1%          1    None
e - Sting                 Conj/Pois      ####         1%          1    None
f - Fireball              Conj/Fire      ######....   1%          5    #......
g - Magic Dart            Conj           ####         1%          1    None
h - Flight                Chrm/Air       #####.....   2%          3    None
i - Recall                Summ/Tloc      N/A          2%          3    None
j - Animate Dead          Necr           N/A          1%          4    None
k - Regeneration          Chrm/Necr      ######....   1%          3    None
l - Vampiric Draining     Necr           ######....   1%          3    None
m - Searing Ray           Conj           ######       1%          2    None


Dungeon Overview and Level Annotations

Branches:
Dungeon (11/15)            Temple (1/1) D:6            Lair (1/8) D:11
    Orc (0/4) D:10

Altars:
Ashenzari
Cheibriados
Dithmenos
Elyvilon
Fedhas
Gozag
Kikubaaqudgha
Makhleb
Nemelex Xobeh
Okawaru
Qazlal
Ru
Sif Muna
Trog
Vehumet
Xom
Yredelemnul
Zin
The Shining One

Shops:
D:6 ?   D:9 %


Message History

The five-headed hydra bites you but does no damage.
The five-headed hydra bites you.
* * * LOW HITPOINT WARNING * * *
The five-headed hydra burns!
The five-headed hydra stops burning.
Your skin is crawling a little less now.
Casting: Sting
Confirm with . or Enter, or press ? or * to list all spells.
Aiming: Sticky Flame
Press: ? - help, Shift-Dir - straight line, f/p - five-headed hydra
Aim: a five-headed hydra (severely wounded)
The sticky flame hits the five-headed hydra.
The five-headed hydra is almost dead.
The five-headed hydra is covered in liquid flames!
The five-headed hydra burns!
The five-headed hydra completely misses you.
The five-headed hydra closely misses you. x2
The five-headed hydra bites you!
* * * LOW HITPOINT WARNING * * *
The five-headed hydra bites you!
You die...

################
#................
#...##.#.#.#.P.P #
##...##...#.#.P.#.#
#....##.#.#...P)#.#
#...#P...#.#.....#
#!...D...#.#.....#
#....P@........# .
#.#.##...#.#.#.# P..
##.#.##..<#.#...#.....
#..#.##.....#.........
#...#P...#.#...#.P...
#P.#.##.#.....#/# #..
#..#t##.#.#.#.#... .
#.....#...P†#.P...#
#.......#...#.....#


You could see a five-headed hydra (burning).

Vanquished Creatures
  A great orb of eyes (shapeshifter) (D:11)
  An orc knight (D:11)
  An ugly thing (D:11)
  2 hill giants
  2 wolves (D:11)
  A komodo dragon (D:10)
  A kobold demonologist (D:11)
  A two-headed ogre (D:9)
  2 hippogriffs (D:11)
  7 yaks
  2 deep elf magi (D:11)
  2 wraiths
  2 wyverns
  A steam dragon (D:11)
  A hungry ghost (D:8)
  7 orc warriors
  A wasp (D:9)
  An ice beast (D:10)
  A necrophage (D:11)
  2 ogres
  A phantom (D:5)
  5 centaurs
  A big kobold (D:11)
  5 giant frogs
  12 killer bees
  2 scorpions
  4 hounds
  A quasit (D:11)
  A centaur zombie (D:8)
  2 goliath beetles
  A giant frog zombie (D:8)
  4 orc priests
  7 jellies
  5 crimson imps
  Crazy Yiuf (D:4)
  4 centaur skeletons
  4 orc wizards
  2 giant frog skeletons (D:11)
  3 iguanas
  6 worker ants
  Jessica (D:2)
  2 hound zombies
  A worker ant zombie (D:7)
  7 gnolls
  9 adders
  3 shadow imps
  3 worms
  An ufetubus (D:11)
  2 adder skeletons
  An adder zombie (D:8)
  9 giant geckos
  An ooze (D:5)
  41 orcs
  2 ball pythons
  6 bats
  12 giant cockroaches
  9 goblins
  10 hobgoblins
  5 quokkas
  8 giant newts
  12 jackals
  14 kobolds
  A quokka zombie (D:8)
  20 rats
290 creatures vanquished.

Vanquished Creatures (collateral kills)
  A hill giant (D:10)
  The ghost of kraktruk the Destroyer, an experienced DECj of Vehumet (D:8)
  A wraith (D:10)
  4 yaks
  A wolf (D:11)
  An ogre (D:5)
  2 orc warriors
  A big kobold (D:10)
  2 giant frogs
  A jelly (D:11)
  A scorpion (D:5)
  A crimson imp (D:9)
  An orc priest (D:11)
  A worker ant (D:4)
  A hound skeleton (D:10)
  9 orcs
  A goblin (D:5)
  A jackal (D:4)
  A giant newt (D:4)
  A rat (D:4)
33 creatures vanquished.

Vanquished Creatures (others)
  An ugly thing zombie (D:11)
  A komodo dragon zombie (D:10)
  A hippogriff zombie (D:11)
  A wasp zombie (D:9)
  2 centaur skeletons
  An ogre skeleton (D:8)
  A scorpion zombie (D:10)
  An iguana skeleton (D:8)
  An orc (D:7)
  6 bats
  A bat zombie (D:10)
  3 quokkas (D:5)
  A giant gecko skeleton (D:8)
  A hobgoblin skeleton (D:9)
  A jackal skeleton (D:10)
  A kobold zombie (D:10)
  18 orc zombies
  3 rats
45 creatures vanquished.

Grand Total: 368 creatures vanquished

Notes
Turn   | Place    | Note
--------------------------------------------------------------
     0 | D:1      | dvd, the Deep Elf Fire Elementalist, began the quest for the Orb.
     0 | D:1      | Reached XP level 1. HP: 10/10 MP: 5/5
   288 | D:1      | Reached XP level 2. HP: 15/15 MP: 4/8
   326 | D:1      | Learned a level 2 spell: Throw Flame
  1155 | D:2      | Reached XP level 3. HP: 15/19 MP: 11/11
  1252 | D:2      | Reached skill level 4 in Fire Magic
  1287 | D:2      | Found a shimmering altar of Xom.
  1289 | D:2      | Found a shimmering altar of Xom.
  1289 | D:2      | Found a shimmering altar of Xom.
  1290 | D:2      | Found a shimmering altar of Xom.
  1290 | D:2      | Found a shimmering altar of Xom.
  1290 | D:2      | Found a shimmering altar of Xom.
  1841 | D:2      | Reached XP level 4. HP: 15/24 MP: 15/15
  1862 | D:2      | Noticed Jessica
  1864 | D:2      | Killed Jessica
  2242 | D:3      | Reached XP level 5. HP: 16/28 MP: 12/18
  2319 | D:3      | Learned a level 4 spell: Sticky Flame
  2556 | D:3      | Reached skill level 5 in Spellcasting
  3024 | D:4      | Reached XP level 6. HP: 24/32 MP: 11/21
  3530 | D:4      | Learned a level 1 spell: Summon Small Mammal
  3670 | D:4      | Noticed Crazy Yiuf
  3895 | D:4      | Killed Crazy Yiuf
  3895 | D:4      | Reached skill level 6 in Spellcasting
  4406 | D:5      | Entered Level 5 of the Dungeon
  4465 | D:5      | Reached skill level 1 in Summonings
  4530 | D:5      | Reached XP level 7. HP: 27/36 MP: 24/24
  4619 | D:5      | Found a bloodstained altar of Trog.
  4671 | D:5      | Learned a level 1 spell: Animate Skeleton
  4766 | D:5      | Reached skill level 7 in Spellcasting
  4835 | D:5      | Reached skill level 5 in Fire Magic
  4859 | D:5      | Found a shadowy altar of Dithmenos.
  4921 | D:5      | Noticed a hill giant
  5264 | D:5      | Got a brightly glowing robe
  5275 | D:5      | Identified the +2 robe of Trubryav {rPois rC- MR+ Int+5 SInv} (You found it on level 5 of the Dungeon)
  5440 | D:5      | Killed a hill giant
  5440 | D:5      | Reached XP level 8. HP: 5/41 MP: 13/27
  5945 | D:6      | Reached skill level 1 in Armour
  5951 | D:6      | Found Sarirgh's Magic Scroll Boutique.
  6055 | D:6      | Learned a level 5 spell: Fireball
  6090 | D:6      | Found a staircase to the Ecumenical Temple.
  6103 | Temple   | Entered the Ecumenical Temple
  6137 | Temple   | Became a worshipper of Vehumet
  6397 | D:7      | Reached skill level 8 in Spellcasting
  6788 | D:7      | Reached skill level 5 in Conjurations
  6978 | D:7      | Reached skill level 9 in Spellcasting
  7044 | D:7      | Acquired Vehumet's first power
  7044 | D:7      | Offered knowledge of Magic Dart by Vehumet.
  7053 | D:6      | Learned a level 1 spell: Magic Dart
  7319 | D:7      | Found a shattered altar of Ashenzari.
  7455 | D:7      | Learned a level 3 spell: Flight
  7591 | D:8      | Reached XP level 9. HP: 46/46 MP: 27/29
  7593 | D:8      | Found an ancient bone altar of Kikubaaqudgha.
  7632 | D:8      | Noticed kraktruk's ghost (experienced DECj)
  7642 | D:8      | Killed kraktruk's ghost
  7642 | D:8      | Reached skill level 1 in Staves
  7642 | D:8      | Reached skill level 10 in Spellcasting
  7642 | D:8      | Reached skill level 1 in Charms
  7642 | D:8      | Reached skill level 1 in Necromancy
  7785 | D:8      | Learned a level 3 spell: Recall
  7835 | D:8      | Reached skill level 1 in Fighting
  8139 | D:8      | Reached skill level 5 in Dodging
  8626 | D:9      | Reached skill level 11 in Spellcasting
  8631 | D:9      | Offered knowledge of Sting by Vehumet.
  8658 | D:9      | Learned a level 4 spell: Animate Dead
  8803 | D:9      | Reached XP level 10. HP: 52/52 MP: 32/32
  8834 | D:9      | Reached skill level 1 in Air Magic
  8844 | D:9      | Found Thrasig's Food Shoppe.
  8924 | D:9      | Found a white marble altar of Elyvilon.
  8924 | D:9      | Found an ancient bone altar of Kikubaaqudgha.
  9225 | D:9      | Learned a level 1 spell: Sting
  9239 | D:10     | Entered Level 10 of the Dungeon
  9371 | D:10     | Learned a level 3 spell: Regeneration
  9375 | D:10     | Learned a level 3 spell: Vampiric Draining
  9549 | D:10     | Reached skill level 12 in Spellcasting
  9602 | D:10     | Offered knowledge of Searing Ray by Vehumet.
  9606 | D:10     | Learned a level 2 spell: Searing Ray
  9828 | D:10     | Noticed a hill giant
  9838 | D:10     | Killed a hill giant
  9911 | D:10     | Acquired Vehumet's second power
  9941 | D:10     | Found a staircase to the Orcish Mines.
 10333 | D:11     | Offered knowledge of Stone Arrow by Vehumet.
 10516 | D:11     | Noticed a hill giant
 10798 | D:10     | Killed a hill giant
 10920 | D:11     | Acquired Vehumet's third power
 10964 | D:11     | Offered knowledge of Mephitic Cloud by Vehumet.
 11072 | D:11     | Found a staircase to the Lair.
 11136 | D:11     | Reached XP level 11. HP: 41/57 MP: 34/34
 11194 | D:11     | Noticed an orc knight
 11359 | D:11     | Killed an orc knight
 11359 | D:11     | Reached skill level 13 in Spellcasting
 11551 | D:11     | Noticed a brown ugly thing
 11632 | D:11     | Noticed a great orb of eyes
 11632 | D:11     | a purple ugly thing changed into a great orb of eyes
 11643 | D:11     | Killed a great orb of eyes
 11828 | D:11     | Killed a brown ugly thing
 11828 | D:11     | Reached skill level 5 in Necromancy
 12018 | D:11     | Offered knowledge of Ignite Poison by Vehumet.
 12260 | Lair:1   | Entered Level 1 of the Lair of Beasts
 12261 | Lair:1   | Noticed a five-headed hydra
 12686 | Lair:1   | HP: 1/57 [five-headed hydra (6)]
 12695 | Lair:1   | Mangled by a five-headed hydra

Action                   |  1- 3 |  4- 6 |  7- 9 | 10-12 || total
-------------------------+-------+-------+-------+-------++-------
Melee: Unarmed           |     2 |       |       |       ||     2
       Dagger            |     4 |     6 |       |       ||    10
       Quarterstaff      |       |     8 |    48 |    82 ||   138
       Staff             |       |       |    12 |       ||    12
 Cast: Flame Tongue      |    33 |    45 |    62 |    19 ||   159
       Throw Flame       |    34 |    49 |   108 |    82 ||   273
       Sticky Flame      |       |     4 |    24 |    23 ||    51
       Summon Small Mamm |       |    26 |    17 |    25 ||    68
       Animate Skeleton  |       |       |     9 |       ||     9
       Magic Dart        |       |       |     7 |     1 ||     8
       Flight            |       |       |     9 |     8 ||    17
       Fireball          |       |       |     6 |    16 ||    22
       Recall            |       |       |     3 |     6 ||     9
       Animate Dead      |       |       |     2 |    19 ||    21
       Vampiric Draining |       |       |       |    40 ||    40
       Regeneration      |       |       |       |    16 ||    16
       Searing Ray       |       |       |       |     7 ||     7
       Sting             |       |       |       |     5 ||     5
  Use: Scroll            |       |     8 |     4 |     8 ||    20
       Potion            |       |     1 |    10 |     1 ||    12
 Stab: Sleeping          |     3 |       |     2 |     3 ||     8
       Paralysed         |       |       |       |     1 ||     1
  Eat: Chunk             |     2 |     6 |    11 |     6 ||    25
       Meat ration       |     1 |       |       |     1 ||     2
       Bread ration      |       |       |     1 |       ||     1
       Beef jerky        |       |       |     1 |       ||     1
       Royal jelly       |       |       |       |     2 ||     2
